 Dungeon Crawl Stone Soup version 0.31-a0-236-g9a0961fb85 (webtiles) character file.

Game seed: 10156070504201473549

9443 cforsyth the Grappler (level 11, -5/135 HPs)
             Began as an Ogre Transmuter on July 10, 2023.
             Was a High Priest of Okawaru.
             Slain by a three-headed hydra simulacrum (7 damage)
             ... in an ice cave on July 11, 2023.
             The game lasted 00:23:10 (12470 turns).

cforsyth the Grappler (Ogre Transmuter)            Turns: 12470, Time: 00:23:10

Health: -5/135     AC:  7    Str: 16    XL:     11   Next: 46%
Magic:  11/14      EV: 16    Int: 18    God:    Okawaru [*****.]
Gold:   905        SH:  0    Dex:  9    Spells: 4/14 levels left

rFire   x .          .
                       - Unarmed
rCold   + + +        (shield currently unavailable)
rNeg    . . .        w - melded +2 robe {rN+}
rPois   +            (helmet currently unavailable)
rElec   .            (cloak currently unavailable)
rCorr   .            (gloves unavailable)
SInv    .            (boots unavailable)
Will    +....        (no amulet)
Stlth   +            p - +5 ring of evasion
HPRegen 0.42/turn    c - ring of protection from cold
MPRegen 0.14/turn

%: no passive effects
@: ice-form (expiring), wereblooded, slowed, very slow
A: freezing attack, amphibious, boosted hp, large, unfitting armour, (tough skin
1)
a: End Transformation, Renounce Religion, Heroism, Finesse, Duel


You were in an ice cave.
You worshipped Okawaru.
Okawaru was extremely pleased with you.
You were a creature of crystalline ice.
You visited 2 branches of the dungeon, and saw 12 of its levels.
You also visited: Ice Cave.

You collected 905 gold pieces.

Inventory:

Missiles
 G - a throwing net
Armour
 a - a +0 robe
 w - a +2 robe of positive energy (melded)
 F - +0 steam dragon scales
Jewellery
 c - a ring of protection from cold (right front paw)
 p - a +5 ring of evasion (left front paw)
 t - a ring of fire
Wands
 A - a wand of flame (16)
 C - a wand of iceblast (11)
 H - a wand of mindburst (5)
Scrolls
 e - a scroll of vulnerability {unknown}
 f - 4 scrolls of teleportation {unknown}
 g - 2 scrolls of revelation
 i - 2 scrolls of amnesia {unknown}
 j - a scroll of poison
 l - a scroll of enchant weapon {unknown}
 n - a scroll of fog {unknown}
 o - 3 scrolls of blinking
 r - a scroll of immolation {unknown}
 s - a scroll of fear {unknown}
 v - 2 scrolls of noise {unknown}
 x - 2 scrolls of identify
 y - 2 scrolls of enchant armour {unknown}
 I - 2 scrolls of butterflies {unknown}
Potions
 b - a potion of magic {unknown}
 d - 2 potions of berserk rage
 h - 2 potions of attraction
 k - a potion of heal wounds {unknown}
 m - 6 potions of curing
 q - a potion of enlightenment
 u - a potion of invisibility {unknown}
 z - 2 potions of might
 B - 3 potions of ambrosia
 D - a potion of mutation {unknown}
 E - a potion of brilliance {unknown}


   Skills:
 + Level 8.6 Fighting
 + Level 6.1 Dodging
 * Level 11.2 Unarmed Combat
 - Level 2.4 Spellcasting
 * Level 8.9 Transmutations


You had 4 spell levels left.
You knew the following spells:

 Your Spells              Type           Power      Damage    Failure   Level
a - Beastly Appendage     Tmut           68%        N/A       1%          1
b - Wereblood             Tmut           34%        N/A       1%          2
c - Spider Form           Tmut/Pois      18%        N/A       9%          3
d - Ice Form              Ice/Tmut       18%        N/A       26%         4

Your spell library contained the following spells:

 Spells                   Type           Power      Damage    Failure   Level
 Passwall                 Tmut/Erth      15%        N/A       4%          2
 Ignite Poison            Fire/Tmut/Pois 12%        N/A       16%         3
 Magic Dart               Conj           8%         1d3       17%         1
 Sandblast                Erth           4%         2d4       17%         1
 Blink                    Tloc           4%         N/A       26%         2
 Cigotuvi's Dreadful Rot  Necr/Pois/Air  4%         N/A       26%         2
 Lesser Beckoning         Tloc           4%         N/A       26%         2
 Momentum Strike          Conj/Tloc      4%         3d8       26%         2
 Searing Ray              Conj           4%         2d4       26%         2
 Ozocubu's Armour         Ice            2%         N/A       45%         3
 Stone Arrow              Conj/Erth      4%         3d7       45%         3
 Volatile Blastmotes      Fire/Tloc      4%         2d10      45%         3
 Fulminant Prism          Conj/Hex       1%         3d5       86%         4
 Iskenderun's Mystic Bla  Conj/Tloc      2%         2d3       86%         4
 Freezing Cloud           Conj/Ice/Air   1%         6-21      99%         5
 Iskenderun's Battlesphe  Conj           2%         2d6       99%         5
 Lee's Rapid Deconstruct  Erth           1%         3d4*      99%         5
 Metabolic Englaciation   Hex/Ice        1%         N/A       99%         5
 Leda's Unmaking          Conj/Erth      1%         9d1       100%        6
 Storm Form               Tmut/Air       9%         N/A       100%        7
 Maxwell's Capacitive Co  Air            1%         ∞         100%        8
 Simulacrum               Ice/Necr       Unusable   N/A       N/A         6
 Spellforged Servitor     Conj/Summ      Unusable   N/A       N/A         7

Dungeon Overview and Level Annotations

Branches:
Dungeon (11/15)            Temple (1/1) D:6             Orc (0/2) D:9
  IceCv (1/1)
   Lair: D:8-11

Altars:
Ashenzari
Cheibriados
Dithmenos
Elyvilon
Fedhas
Gozag
Hepliaklqana
Kikubaaqudgha
Makhleb
Nemelex Xobeh
Okawaru
Qazlal
Ru
Sif Muna
Trog
Uskayaw
Vehumet
Wu Jian
Xom
Yredelemnul
Zin
The Shining One

Shops:
D:8 *

Portals:
Trove: D:10 (give 16 scrolls of teleportation)

Annotations:
D:10 1 runed translucent door, Maxmaps's ghost, novice GnRe


Innate Abilities, Weirdness & Mutations

You are a creature of crystalline ice.
You have a powerful freezing melee attack.
You are amphibious.
Your maximum health is increased.
Your armour is entirely melded.
You are incapable of wielding weapons or throwing items.
You are too large for most types of armour.
((You have tough skin. (AC +1)))


Message History

You destroy the freezing wraith!
Okawaru accepts your kill.
You punch the spriggan simulacrum!
The spriggan simulacrum is severely damaged.
The spriggan simulacrum closely misses you.
You closely miss the spriggan simulacrum.
The spriggan simulacrum is severely damaged.
You howl as the wereblood boils in your veins!
The spriggan simulacrum completely misses you.
You punch the spriggan simulacrum!
The spriggan simulacrum vaporises!
You feel a bit better. Okawaru accepts your kill.
The three-headed hydra simulacrum misses you.
The three-headed hydra simulacrum bites you!
* * * LOW HITPOINT WARNING * * *
The three-headed hydra simulacrum freezes you.
You resist.
* * * LOW HITPOINT WARNING * * *
The three-headed hydra simulacrum bites you!
* * * LOW HITPOINT WARNING * * *
The three-headed hydra simulacrum freezes you.
You resist.
* * * LOW HITPOINT WARNING * * *
You pummel the three-headed hydra simulacrum!!
The three-headed hydra simulacrum is heavily damaged.
You howl as the wereblood boils in your veins!
You are engulfed in freezing vapours.
You resist.
* * * LOW HITPOINT WARNING * * *
Your transformation is almost over.
The three-headed hydra simulacrum bites you.
* * * LOW HITPOINT WARNING * * *
The three-headed hydra simulacrum freezes you.
You resist.
* * * LOW HITPOINT WARNING * * *
The three-headed hydra simulacrum bites you.
* * * LOW HITPOINT WARNING * * *
The three-headed hydra simulacrum freezes you!
You resist.
You die...

......### ##..##....##
........###..........#
.........#.......∩.∩.#
......##....##.......#
..... ##§°#####....##
.... ##§§#§###..## #..
##§§§§§##### #.
#○§§§§§°# # ###§§°Y°#
###°#Z# #.°## ..##
.... ..... #......
....... #.......#


You could see a three-headed hydra simulacrum.

Vanquished Creatures
  A two-headed ogre (D:10)
  A cyclops (D:10)
  2 manticores
  Joseph (D:7)
  A freezing wraith (IceCv)
  A troll (D:10)
  Grinder (D:5)
  Prince Ribbit (D:7)
  A basilisk (D:11)
  2 centaur simulacra (D:11)
  8 yaks
  3 steam dragons
  2 water moccasins
  4 orc warriors
  2 black bears
  2 sky beasts (D:7)
  2 centaurs
  4 phantoms
  Blork the orc (D:6)
  5 kobold brigands
  2 bullfrogs (D:6)
  A cane toad simulacrum (IceCv)
  A gnoll sergeant (D:10)
  A scorpion (D:7)
  A two-headed ogre simulacrum (IceCv)
  10 wights
  An elephant simulacrum (IceCv)
  11 killer bees
  An electric eel (D:11)
  4 jellies
  2 hounds
  6 orc priests
  2 sleepcaps
  4 iguanas
  Terence (D:2)
  11 orc wizards
  A spriggan simulacrum (IceCv)
  2 troll simulacra (IceCv)
  3 polar bear simulacra (IceCv)
  4 wolf simulacra (IceCv)
  4 gnolls (D:10)
  3 adders
  A naga simulacrum (IceCv)
  3 shadow imps
  2 white imps
  2 ufetubi (D:10)
  2 worms
  2 dart slugs
  66 orcs
  9 ball pythons
  6 endoplasms
  8 giant cockroaches
  5 goblins
  7 hobgoblins
  23 kobolds
  8 quokkas
  8 bats
  2 frilled lizards
  3 rats
278 creatures vanquished.

Vanquished Creatures (others)
  An orc (D:8)
  A kobold (D:7)
2 creatures vanquished.

Grand Total: 280 creatures vanquished

Notes
Turn   | Place    | Note
-------+----------+-------------------------------------------
     0 | D:1      | cforsyth the Ogre Transmuter began the quest for the Orb.
     0 | D:1      | Reached XP level 1. HP: 19/19 MP: 3/3
    17 | D:1      | Reached skill level 3 in Unarmed Combat
   212 | D:1      | Reached XP level 2. HP: 24/27 MP: 3/5
   735 | D:1      | Reached XP level 3. HP: 26/33 MP: 4/6
   862 | D:2      | Noticed Terence
   872 | D:2      | Killed Terence
   873 | D:2      | Reached skill level 4 in Unarmed Combat
   964 | D:2      | Reached XP level 4. HP: 32/41 MP: 5/7
  1970 | D:2      | Learned a level 2 spell: Wereblood
  1974 | D:2      | Learned a level 3 spell: Spider Form
  2270 | D:3      | Reached skill level 5 in Unarmed Combat
  2591 | D:3      | Reached XP level 5. HP: 48/48 MP: 6/8
  3301 | D:4      | Noticed a phantom
  3309 | D:4      | Killed a phantom
  3310 | D:4      | Reached skill level 6 in Unarmed Combat
  3310 | D:4      | Reached XP level 6. HP: 26/55 MP: 5/9
  3860 | D:5      | Entered Level 5 of the Dungeon
  3893 | D:5      | Reached skill level 7 in Unarmed Combat
  3893 | D:5      | Reached XP level 7. HP: 61/62 MP: 10/10
  3940 | D:5      | Noticed Grinder
  3949 | D:5      | Paralysed by Grinder for 2 turns
  3967 | D:5      | Killed Grinder
  4676 | D:5      | Reached XP level 8. HP: 43/74 MP: 8/11
  4891 | D:6      | Noticed Blork the orc
  4906 | D:6      | Killed Blork the orc
  5093 | D:6      | Reached skill level 8 in Unarmed Combat
  5238 | D:6      | Found a broken altar of Ashenzari.
  5374 | D:6      | Found a staircase to the Ecumenical Temple.
  5460 | D:6      | Found a bloodstained altar of Trog.
  5781 | D:6      | Found a shimmering blue altar of Sif Muna.
  6049 | Temple   | Entered the Ecumenical Temple
  6210 | Temple   | Became a worshipper of Warmaster Okawaru
  6297 | D:7      | Reached XP level 9. HP: 71/85 MP: 8/12
  6302 | D:7      | Learned a level 4 spell: Ice Form
  6305 | D:7      | Reached skill level 5 in Transmutations
  6317 | D:7      | Reached skill level 5 in Fighting
  6514 | D:7      | Reached * piety under Okawaru
  6735 | D:7      | Reached skill level 9 in Unarmed Combat
  6800 | D:7      | Noticed Joseph
  6827 | D:7      | HP: 2/88 [Joseph/+0 quarterstaff (9)]
  6828 | D:7      | Killed Joseph
  7111 | D:7      | Identified the +1 robe "Quoraonu" {Harm *Slow rCorr}
  7137 | D:7      | Reached ** piety under Okawaru
  7205 | D:7      | Noticed Prince Ribbit
  7223 | D:7      | Killed Prince Ribbit
  7369 | D:7      | Found a shadowy altar of Dithmenos.
  7559 | D:7      | Found an ornate altar of the Wu Jian Council.
  7732 | D:8      | Found a snail-covered altar of Cheibriados.
  7749 | D:8      | Reached XP level 10. HP: 66/98 MP: 13/13
  8229 | D:8      | Found Zin's Purification Station.
  8229 | D:8      | Found a glowing silver altar of Zin.
  8962 | D:9      | Noticed a manticore
  8968 | D:9      | Killed a manticore
  9106 | D:9      | Found a hide-covered altar of Uskayaw.
  9119 | D:9      | Reached *** piety under Okawaru
  9123 | D:9      | Reached skill level 10 in Unarmed Combat
  9126 | D:9      | Reached skill level 5 in Dodging
  9205 | D:9      | Found a staircase to the Orcish Mines.
  9319 | D:9      | Reached **** piety under Okawaru
 10152 | D:10     | Entered Level 10 of the Dungeon
 10190 | D:10     | Noticed a cyclops
 10444 | D:10     | Killed a cyclops
 10444 | D:10     | Reached ***** piety under Okawaru
 10577 | D:10     | Found a runed translucent door.
 10581 | D:10     | Noticed Maxmaps's ghost (novice GnRe)
 10581 | D:10     | Identified the +8 trident "Ifomesur" {elec, Stlth+}
 10622 | D:10     | Reached XP level 11. HP: 111/111 MP: 10/14
 11272 | D:10     | Found a glowing golden altar of the Shining One.
 11454 | D:10     | Found a portal to a secret trove of treasure.
 11586 | D:11     | Noticed a two-headed ogre
 11586 | D:11     | Noticed a manticore
 11596 | D:10     | Killed a two-headed ogre
 11604 | D:10     | Killed a manticore
 11604 | D:10     | Received a gift from Okawaru
 11605 | D:10     | Reached skill level 11 in Unarmed Combat
 12042 | D:11     | Found a frozen archway.
 12051 | IceCv    | Entered an ice cave
 12470 | IceCv    | HP: 4/135 [three-headed hydra simulacrum (3)]
 12470 | IceCv    | Slain by a three-headed hydra simulacrum

Illustrated notes

Levels and vault maps discovered:
D:1:      minmay_arrival_four_circles, layout_loops_ring, minivault_11
D:2:      layout_basic, uniq_terence
D:3:      layout_rooms, minmay_misc_feat_rows, grunt_decor_arrowhead,
          minivault_25, kennysheep_generic_room_16
D:4:      layout_cave_pools
D:5:      layout_basic, uniq_grinder
D:6:      layout_cave_pools, mainiacjoe_overflow_alcove_2,
          lemuel_coloured_pillars_altar, mainiacjoe_overflow_24_doors,
          minmay_temple_entry_gardened_gates, uniq_blork_the_orc
D:7:      layout_cave_pools, nzn_wu_jian_contemplation, old_standard_altar,
          nicolae_fountain_basement, uniq_prince_ribbit1, uniq_joseph
D:8:      layout_gridville, zin_purify, cheibriados_altar_1
D:9:      layout_cave_pods, eat_drink_and_be_merry_uskayaw, orc_0_dummy,
          grunt_ministairs_9
D:10:     layout_long_grid, nicolae_overflow_hidden_temple,
          ebering_ghost_funeral_grove, enter_trove_6, amcnicky_mini_pool_small
D:11:     layout_roguey, due_lair_maze_entry_diamond, serial_ice, serial_ice_o,
          serial_ice_e, serial_ice_i, serial_ice_f,
          portal_ice_cave_entry_pillars_2
Temple:   nicolae_temple_figure_eight
IceCv:    ice_cave_small_necro

Skill      XL: |  1  2  3  4  5  6  7  8  9 10 11 |
---------------+----------------------------------+-----
Unarmed Combat | 3 4 5 6 7 8 9 10 11 | 11.2
Fighting       | 2 4 6 7 8 |  8.6
Dodging        | 2 3 4 5 6 |  6.1
Transmutations | 3 4 6 8 |  8.9
Spellcasting   | |  2.4

Action                     |  1- 3 |  4- 6 |  7- 9 | 10-12 || total
---------------------------+-------+-------+-------+-------++-------
  Melee: Unarmed           |    87 |   221 |   218 |   275 ||   801
         Kick              |    12 |    33 |    39 |     5 ||    89
         Headbutt          |     6 |    22 |    22 |       ||    50
         Punch             |     1 |     8 |    12 |     2 ||    23
   Cast: Beastly Appendage |    19 |    34 |    21 |     4 ||    78
         Wereblood         |       |     8 |    15 |    23 ||    46
         Spider Form       |       |       |     4 |       ||     4
         Ice Form          |       |       |     7 |    21 ||    28
  Evoke: Wand              |       |       |       |     1 ||     1
    Use: Scroll            |       |     3 |     3 |     4 ||    10
         Potion            |       |       |     1 |       ||     1
   Stab: Sleeping          |     1 |       |       |       ||     1
 Armour: Robe              |    25 |    55 |    20 |     6 ||   106
         Skin              |       |       |    19 |    76 ||    95
  Dodge: Dodged            |    35 |   129 |   144 |   252 ||   560

Table legend: (Time is in decaauts)
 A = Elapsed time spent in this place.
 B = Non-inter-level travel time spent in this place.
 C = Inter-level travel time spent in this place.
 D = Time resting spent in this place.
 E = Time spent auto-exploring this place.
 F = Levels seen in this place.
 G = Mean time per level.
                   A        B        C        D        E       F      G
               +--------+--------+--------+--------+--------+-----+--------+
         Total |  12370 |  12022 |    348 |   2644 |   7128 |  13 |  951.5 |
       Dungeon |  11730 |  11401 |    329 |   2360 |   6887 |  11 | 1066.4 |
        Temple |    224 |    205 |     19 |      0 |    195 |   1 |  224.0 |
      Ice Cave |    415 |    415 |      0 |    284 |     46 |   1 |  415.0 |
               +--------+--------+--------+--------+--------+-----+--------+

Top non-repeatable levels by time:
    D:10: 1577 daAuts
     D:6: 1377 daAuts
     D:9: 1350 daAuts
     D:8: 1269 daAuts
     D:7: 1245 daAuts
     D:3: 1206 daAuts
     D:2: 1147 daAuts
     D:5: 907 daAuts
     D:1: 804 daAuts
     D:4: 679 daAuts
   IceCv: 415 daAuts
  Temple: 224 daAuts
    D:11: 164 daAuts
